AoeStats
← Paulinho19

Four Lakes

503378227Analyzed
4v4 RM · 1mo ago on Aug 31, 2026· 51m 55s· 8 players
Game mode
Random Map
Map size
Large (8 player)
Population
200
Speed
Normal
Resources
Standard
Victory
Conquest
Starting age
Dark Age
Ending age
Imperial Age
RankedLock teamsTeams togetherTeam positionsShared explorationLock speedFull tech treeHidden civsTurbo modeCheats
Victory
Defeat
🇨🇭 Huns · Switzerland
1042
+11
🇨🇳 Franks · China
983
+14
🇩🇪 Armenians · Germany
911
+17
🇨🇳 Inca · China
881
+19
🇵🇹 Vietnamese · Portugal
973
-17
🇨🇳 Britons · China
945
-16
🇷🇴 Khmer · Romania
921
-14
🇹🇷 Huns · Türkiye
907
-14
joia-numerica6
8:00 Loom
10:50 Feudal Age
17:01 Castle Age
16:13 Double-Bit Axe
21:40 Forging
23:45 Fletching
28:12 Bodkin Arrow
30:09 Horse Collar
31:44 Padded Archer Armor
35:54 Bow Saw
35:44 Gold Mining
38:51 Imperial Age
37:03 Wheelbarrow
37:37 Leather Archer Armor
38:46 Ballistics
38:55 Chatras
46:51 Murder Holes
51:39 Two-Man Saw
Reck1ess
5:18 Loom
12:22 Feudal Age
21:25 Castle Age
24:50 Fletching
27:34 Imperial Age
25:48 Padded Archer Armor
30:19 Gold Mining
31:57 Double-Bit Axe
33:08 Wheelbarrow
32:50 Bow Saw
32:58 Bodkin Arrow
33:19 Leather Archer Armor
34:17 Bracer
34:02 Elite Longbowman
38:25 Ballistics
38:14 Caravan
39:43 Ring Archer Armor
41:39 Yeomen
43:23 Two-Man Saw
43:10 Warwolf
Paulinho19
0:48 Loom
13:48 Feudal Age
14:20 Double-Bit Axe
14:17 Horse Collar
19:52 Castle Age
23:10 Heavy Plow
23:22 Bow Saw
24:32 Tusk Swords
28:17 Pikeman
32:04 Wheelbarrow
31:40 Town Watch
32:17 Arson
32:59 Gold Mining
35:31 Stone Mining
35:08 Man-at-Arms
36:15 Fervor
37:05 Hand Cart
37:00 Devotion
37:42 Murder Holes
37:58 Masonry
38:00 Town Patrol
39:24 Stone Shaft Mining
39:28 Gold Shaft Mining
39:35 Ballistics
39:29 Fortified Wall
39:22 Fletching
39:33 Padded Archer Armor
42:18 Forging
42:09 Scale Mail Armor
42:15 Scale Barding Armor
44:43 Imperial Age
43:51 Bodkin Arrow
44:12 Leather Archer Armor
45:47 Conscription
46:32 Chemistry
45:46 Double Crossbow
45:07 Elite Ballista Elephant
46:53 Hoardings
46:36 Bracer
47:51 Ring Archer Armor
49:48 Halberdier
Godofsinner
0:31 Loom
12:01 Feudal Age
12:51 Double-Bit Axe
17:26 Wheelbarrow
19:04 Fishing Lines
20:31 Scale Mail Armor
22:18 Horse Collar
31:12 Castle Age
30:03 Bloodlines
31:57 Forging
31:53 Scale Barding Armor
32:43 Caravan
32:59 Bow Saw
33:12 Hand Cart
33:24 Heavy Plow
33:28 Stone Mining
33:40 Gold Mining
35:17 Iron Casting
34:39 Gillnets
36:49 Gold Shaft Mining
37:16 Marauders
37:41 Husbandry
39:10 Chain Barding Armor
43:59 Pikeman
44:40 Squires
lnvis
6:47 Loom
12:19 Feudal Age
12:35 Man-at-Arms
13:01 Arson
13:01 Horse Collar
13:13 Double-Bit Axe
13:51 Long Swordsman
16:19 Scale Mail Armor
17:35 Forging
23:32 Castle Age
24:04 Two-Handed Swordsman
24:29 Gambesons
24:45 Squires
25:23 Iron Casting
25:04 Chain Mail Armor
25:10 Bow Saw
25:26 Heavy Plow
26:19 Wheelbarrow
26:51 Gold Mining
33:29 Champion
40:36 Imperial Age
41:13 Murder Holes
42:22 Chemistry
41:32 Fereters
41:48 Conscription
42:03 Plate Mail Armor
42:34 Blast Furnace
43:24 Gold Shaft Mining
Repl4y
6:08 Loom
8:27 Feudal Age
9:57 Double-Bit Axe
12:52 Horse Collar
21:07 Castle Age
20:22 Forging
20:19 Scale Barding Armor
22:30 Gold Mining
22:43 Husbandry
22:46 Light Cavalry
25:44 Bow Saw
37:09 Imperial Age
37:31 Stone Mining
39:41 Wheelbarrow
39:00 Town Watch
39:44 Fletching
42:34 Parthian Tactics
42:45 Bodkin Arrow
42:51 Padded Archer Armor
43:27 Bracer
44:18 Ballistics
45:48 Chemistry
45:45 Leather Archer Armor
45:38 Thumb Ring
46:01 Heavy Cavalry Archer
46:02 Elite Skirmisher
47:34 Conscription
51:46 Hand Cart
雨落
10:19 Feudal Age
11:28 Double-Bit Axe
16:12 Scale Barding Armor
21:06 Castle Age
19:49 Fishing Lines
21:22 Forging
22:19 Chain Barding Armor
22:41 Husbandry
23:19 Iron Casting
24:33 Gold Mining
25:25 Bow Saw
26:33 Loom
31:36 Wheelbarrow
34:13 Imperial Age
31:43 Stone Mining
34:51 Gold Shaft Mining
34:50 Hand Cart
34:34 Cavalier
36:30 Blast Furnace
36:38 Plate Barding Armor
36:49 Conscription
36:50 Paladin
39:32 Masonry
39:29 Scale Mail Armor
41:27 Chivalry
44:34 Onager
CCCC
1:16 Loom
12:02 Feudal Age
17:30 Castle Age
19:30 Double-Bit Axe
29:57 Wheelbarrow
31:56 Fletching
32:35 Hand Cart
33:23 Squires
32:48 Elite Skirmisher
34:08 Bodkin Arrow
37:43 Imperial Age
35:53 Bow Saw
37:39 Forging
37:29 Scale Mail Armor
37:18 Horse Collar
39:16 Stone Mining
39:29 Heavy Plow
39:43 Fabric Shields
40:53 Iron Casting
40:33 Chain Mail Armor
40:57 Crop Rotation
41:09 Conscription
41:17 Elite Kamayuk
42:18 Conscription
41:59 Gold Mining
42:46 Stone Shaft Mining
44:34 Plate Mail Armor
45:33 Blast Furnace
Connection lost

Rejoining the realm…

Still unreachable

The connection could not be restored.

Session expired

The server has moved on; the page needs a fresh start.